[Event "*** Titled Tuesday Blitz"]
[Site "Chess.com"]
[Date "2021.03.30"]
[Round "9"]
[White "korkmaz16"]
[Black "NishaOnYoutube"]
[Result "0-1"]
[WhiteElo "2444"]
[BlackElo "2212"]
[TimeControl "180+1"]
[EndTime "11:47:33 PDT"]
[Termination "NishaOnYoutube won on time"]

1. e4 Nf6 2. e5 Nd5 3. d4 Nb6 4. c4 d6 5. exd6 cxd6 6. Nc3 g6 7. Be3 Bg7 8. b3 O-O 9. Rc1 Bf5 10. Bd3 Bxd3 11.
Qxd3 Nc6 12. Nf3 d5 13. c5 Nc8 14. O-O e6 15. b4 N8e7 16. b5 Na5 17. Bf4 Nc4 18. Nd2 Nf5 19. Ne2 Nxd2 20. Qxd2 a6 21. c6 bxc6 22. bxc6 Qb6 23. Rfd1 Rac8 24. c7 a5 25. Rb1 Qa6 26. Rb8 Nd6 27. Bxd6 Qxd6 28. Qxa5 Rxb8 29. cxb8=Q Rxb8 30. Qc5 Qa6 31. Nc3 h5 32. h3 Rc8 33. Qb4 Rc4 34. Qb8+ Kh7 35. Nb5 Qxa2 36. Nd6 Qc2 37. Rb1 Bxd4 38. Nxf7 Qxf2+ 39. Kh1 Qxf7 40. Rb7 Rc1+ 41. Kh2 Be5+ 42. Qxe5 Qxb7 43.
Qxe6 Qc7+ 44. g3 Qc2+ 0-1

[Event "*** Titled Tuesday Blitz"]
[Site "Chess.com"]
[Date "2021.03.30"]
[Round "9"]
[White "shnitez"]
[Black "kamilianin235"]
[Result "1-0"]
[WhiteElo "2476"]
[BlackElo "2279"]
[TimeControl "180+1"]
[EndTime "11:47:34 PDT"]
[Termination "shnitez won by resignation"]

1. c4 e5 2. Nc3 Nf6 3. Nf3 d6 4. d4 exd4 5. Nxd4 g6 6. g3 Bg7 7. Bg2 O-O 8. O-O Re8 9. b3 Nfd7 10. Bb2 c6 11. Qd2 Qc7 12. Rad1 Na6 13. Nc2 Re6 14. Nd4 Re8 15. Nc2 Re6 16. Bh3 f5 17. e4 Ndc5 18. exf5 Re8 19. Ne3 Be5 20. Rfe1 Nb4 21. Nb5 cxb5 22. Bxe5 Nbd3 23. Ba1 Nxe1 24. Rxe1 Bxf5 25. Bxf5 gxf5 26. Nxf5 Rxe1+ 27. Qxe1 Qd7 28. Nh6+ Kf8 29. Qc3 Rc8 30. Qf6+ Ke8 31. Nf5 Ne6 32. Qh8+ Nf8 33. Qf6 Ne6 34. cxb5 Rc1+ 35. Kg2 Rd1 36. h4 Qf7 37. Qh8+ Nf8 38. Ne3 Rd2 39. Bf6 Kd7 40.
Nc4 Ng6 41. Qd8+ Ke6 42. Nxd2 Qxf6 43. Qc8+ Ke5 44. Nf3+ Ke4 45. Qxb7+ Kd3 46. Qd5+ Kc2 47. Qd2+ Kb1 48. Nd4 Qe5 49. Qc2+ Ka1 50. Qc3+ 1-0

[Event "*** Titled Tuesday Blitz"]
[Site "Chess.com"]
[Date "2021.03.30"]
[Round "9"]
[White "Caterpiller35"]
[Black "AlexSuv"]
[Result "1-0"]
[WhiteElo "2400"]
[BlackElo "2528"]
[TimeControl "180+1"]
[EndTime "11:47:35 PDT"]
[Termination "Caterpiller35 won by resignation"]

1. d4 Nf6 2. Bg5 Ne4 3. Bf4 d6 4. f3 Nf6 5. e4 g6 6. Nc3 Bg7 7. Qd2 a6 8. h4 h6 9. O-O-O b5 10. Kb1 Bb7 11. Nh3 Nbd7 12. Be3 c5 13. g4 Rc8 14. Nf2 cxd4 15. Bxd4 Ne5 16. Qe3 Nc4 17.
Bxc4 Rxc4 18. g5 Nh5 19. Bxg7 Nxg7 20. gxh6 Nh5 21. e5 O-O 22. exd6 exd6 23. Nce4 d5 24. Ng4 d4 25. Qg5 Bxe4 26. fxe4 Re8 27. e5 Rc7 28. h7+ Kxh7 29. Nf6+ Nxf6 30. exf6 Re6 31. h5 Qxf6 32. hxg6+ Kg7 33. Rh7+ Kf8 34. g7+ Ke7 35. Qxf6+ Rxf6 36.
g8=Q Rd7 37. Re1+ Kd6 38. Qg3+ Kc6 39. Rh5 Rfd6 40. Rhe5 f6 41. Re6 Kd5 42. Rxd6+ Rxd6 43. Qf4 Kc5 44. Qf5+ Kc6 45. Re6 Kd7 46. Rxf6+ 1-0

[Event "*** Titled Tuesday Blitz"]
[Site "Chess.com"]
[Date "2021.03.30"]
[Round "9"]
[White "ChessQueen"]
[Black "arminmusovic"]
[Result "0-1"]
[WhiteElo "2702"]
[BlackElo "2588"]
[TimeControl "180+1"]
[EndTime "11:47:39 PDT"]
[Termination "arminmusovic won by resignation"]

1. e4 c6 2. Nc3 d5 3. Nf3 dxe4 4. Nxe4 Nf6 5. Qe2 Nxe4 6. Qxe4 Qd5 7. d3 Qxe4+ 8. dxe4 g6 9. Bg5 Bg7 10. O-O-O Nd7 11.
Nd2 h6 12. Be3 Ne5 13. f3 Be6 14. Nb3 O-O 15. Nc5 Bc8 16. h4 b6 17. Nb3 c5 18.
h5 g5 19. Be2 Be6 20. Nd2 Rfd8 21. a3 Nc6 22. Ba6 Rab8 23. c3 Ne5 24. Kc2 Kh7 25. g3 c4 26. f4 Ng4 27. Bg1 b5 28. a4 bxa4 29. f5 Bc8 30. Bxc4 a3 31. bxa3 Bb7 32. Bxf7 Rdc8 33. Bg6+ Kh8 34. f6 Bxf6 35. Nb1 Ne5 36. Bd4 Nxg6 37. hxg6 Bxe4+ 38. Kd2 Bxh1 39. Rxh1 Bxd4 40.
cxd4 Rb2+ 41. Kd3 Kg7 42. Nd2 Kxg6 43. Nf3 Rb3+ 44. Ke4 Rxf3 45. Kxf3 Rc3+ 46. Ke4 Rxa3 47. Rg1 h5 48. Kd5 Re3 49. Ra1 Rxg3 50. Rxa7 Re3 51. Ra8 h4 52. Rg8+ Kf5 0-1

[Event "*** Titled Tuesday Blitz"]
[Site "Chess.com"]
[Date "2021.03.30"]
[Round "9"]
[White "mbojan"]
[Black "steka121"]
[Result "1-0"]
[WhiteElo "2676"]
[BlackElo "2422"]
[TimeControl "180+1"]
[EndTime "11:47:39 PDT"]
[Termination "mbojan won by resignation"]

1. g3 d5 2. Bg2 c6 3. d3 e5 4. Nd2 Nf6 5. e4 Bc5 6. Nh3 Bg4 7. f3 Bxh3 8. Bxh3 Qb6 9. Kf1 O-O 10.
Kg2 a5 11. a4 Na6 12. Qe2 Nc7 13. Nb3 Bd6 14. Be3 d4 15. Bg5 Be7 16. Bd2 Ne6 17.
Rhb1 Nc5 18. Nxc5 Bxc5 19. c3 Rfd8 20. b4 axb4 21. cxb4 Be7 22. Kh1 Qc7 23. Rc1 h6 24.
Qd1 Qb6 25. Qb3 Qa6 26. Bf1 Nd7 27. Be2 Nb6 28. Bd1 Nc8 29. Qb1 Nd6 30. Bb3 Rf8 31. Kg2 Qb6 32. a5 Qd8 33. a6 Rxa6 34. Rxa6 bxa6 35. Rxc6 Qa8 36. Bd5 Qa7 37. Qa2 Nb5 38.
Qxa6 Qxa6 39. Rxa6 Nc3 40. Bc4 Bxb4 41. Ra7 g6 42. Rb7 Kg7 43. Rxb4 Ra8 44. Bxc3 dxc3 45. Rb1 Ra3 46. Rc1 f5 47. Kf2 Kf6 48. Ke3 c2 49. Rxc2 Ra1 50. Re2 Rc1 51. Ra2 g5 52. Ra6+ Kg7 53.
exf5 h5 54. f6+ 1-0

[Event "*** Titled Tuesday Blitz"]
[Site "Chess.com"]
[Date "2021.03.30"]
[Round "9"]
[White "Julianos82"]
[Black "campomania3"]
[Result "1-0"]
[WhiteElo "2375"]
[BlackElo "2227"]
[TimeControl "180+1"]
[EndTime "11:47:41 PDT"]
[Termination "Julianos82 won on time"]

1. d4 d5 2. Bf4 Nf6 3. e3 c5 4. c3 Qb6 5. Nd2 Nc6 6. Bd3 Bg4 7.
Qc1 e6 8. Ngf3 Rc8 9. O-O Be7 10. h3 Bh5 11. Ne5 cxd4 12. Nxc6 bxc6 13. exd4 O-O 14.
Nb3 Bg6 15. Qe3 Bxd3 16. Qxd3 Ne4 17. f3 Nf6 18. Rf2 c5 19. dxc5 Bxc5 20. Nxc5 Qxc5 21.
Be3 Qc7 22. Re1 Rb8 23. Bd4 Nd7 24. f4 Nc5 25. Qg3 f5 26. Bxc5 Qxc5 27. Kh2 Rb6 28. Rfe2 Rf6 29. Qd3 h6 30. Qd4 Qxd4 31. cxd4 Rc6 32.
a3 Kf7 33. Kg3 Ke7 34. Kf3 Rf8 35. Ke3 Rfc8 36. Kd3 Kf6 37. g4 g6 38. Rg2 Rc1 39. Rge2 Rxe1 40. Rxe1 Rc4 41. b3 Rc6 42. Kd2 h5 43.
g5+ Ke7 44. Rc1 Kd6 45. b4 Kc7 46. Rc5 Kb6 47. Kc3 a6 48. a4 Rxc5+ 49. dxc5+ Kc6 50. Kd4 h4 51. Ke5 a5 52. bxa5 Kxc5 53. a6 Kb6 54. Kf6 1-0

[Event "*** Titled Tuesday Blitz"]
[Site "Chess.com"]
[Date "2021.03.30"]
[Round "9"]
[White "Aslanov_Umid"]
[Black "Skat2704"]
[Result "0-1"]
[WhiteElo "2429"]
[BlackElo "2626"]
[TimeControl "180+1"]
[EndTime "11:47:42 PDT"]
[Termination "Skat2704 won by resignation"]

1. e4 c5 2. Nf3 Nc6 3. d4 cxd4 4. Nxd4 Nf6 5. Nc3 e6 6. Ndb5 Bb4 7. a3 Bxc3+ 8.
Nxc3 d5 9. exd5 exd5 10. Bd3 Bg4 11. Be2 Bf5 12. O-O O-O 13. Bf3 d4 14. Ne2 d3 15.
cxd3 Bxd3 16. Bg5 Bc4 17. Qc2 Bd3 18. Qd1 Ne5 19. Re1 Nxf3+ 20. gxf3 Bg6 21. Qxd8 Rfxd8 22. Red1 Rac8 23. Rac1 h6 24. Bxf6 gxf6 25. Nc3 Kf8 26. Kg2 Ke7 27. Kg3 Bf5 28. Kf4 Be6 29. Ne4 f5 30.
Ng3 Rxd1 31. Rxd1 Rc4+ 32. Ke3 f4+ 33. Kd3 fxg3 34. fxg3 Rc6 35. Re1 Kd6 36. g4 Kd5 37. h3 Rb6 38. b4 a5 39. f4 axb4 40. f5 Bd7 41. axb4 Rxb4 42. Kc3 Kc5 43. Re7 Rc4+ 44.
Kd3 Bb5 45. Kd2 Rd4+ 46. Kc2 Rd7 47. Re5+ Kb4 48. h4 Bc4 49. g5 hxg5 50. hxg5 b5 51. Re4 Kc5 52. Rf4 b4 53. g6 fxg6 54. fxg6 b3+ 55.
Kb2 Rd2+ 56. Kc1 Rg2 57. Rf5+ Kb4 58. Rf6 b2+ 59. Kd1 0-1

[Event "*** Titled Tuesday Blitz"]
[Site "Chess.com"]
[Date "2021.03.30"]
[Round "9"]
[White "AlexOstrovskiy"]
[Black "enriquetejedor"]
[Result "1-0"]
[WhiteElo "2747"]
[BlackElo "2612"]
[TimeControl "180+1"]
[EndTime "11:47:43 PDT"]
[Termination "AlexOstrovskiy won by resignation"]

1. d4 c5 2. e3 cxd4 3. exd4 d5 4. Bd3 Nf6 5. c3 Nc6 6. Bf4 Bg4 7. Qb3 Qd7 8. Nd2 e6 9. Ngf3 a6 10. O-O Bxf3 11. Nxf3 Be7 12. Rae1 O-O 13. Ne5 Nxe5 14. dxe5 Ne8 15. Qc2 f5 16. exf6 Nxf6 17. Bg5 Bd6 18.
g3 Rae8 19. c4 dxc4 20. Bxc4 Nd5 21. Rd1 Rf5 22. Bc1 Rc8 23. Qe4 Re5 24. Qd4 b5 25. Bb3 Bb8 26. Bf4 Rf5 27. Bxb8 Rxb8 28. Rfe1 Rbf8 29.
Rxe6 Qxe6 30. Bxd5 Rxd5 31. Qxd5 Qxd5 32. Rxd5 Rc8 33.
Rd2 b4 34. b3 Rc1+ 35. Kg2 Ra1 36. h4 Kf7 37. Kf3 a5 38. Kf4 h6 39. h5 Rh1 40. g4 Rh3 41. Rd5 a4 42. f3 a3 43.
Rd7+ Kf6 44. Rb7 Rh2 45. Rb6+ Kf7 46. Rxb4 Rxa2 47. Ra4 Ra1 48. Kf5 a2 49. f4 Kg8 50.
Kg6 Kf8 51. g5 hxg5 52. fxg5 Rb1 53. Rxa2 Rxb3 54. Ra8+ Ke7 55. Kxg7 Rb7 56. g6 Ke6+ 57. Kh6 Kf6 58. Rf8+ Ke6 59. g7 Rb6 60. g8=Q+ Ke7+ 61. Qg6 Rf6 62. Qxf6+ 1-0

[Event "*** Titled Tuesday Blitz"]
[Site "Chess.com"]
[Date "2021.03.30"]
[Round "9"]
[White "jacky72"]
[Black "Sweafty"]
[Result "1/2-1/2"]
[WhiteElo "2710"]
[BlackElo "2562"]
[TimeControl "180+1"]
[EndTime "11:47:44 PDT"]
[Termination "Game drawn - insufficient material"]

1. d4 d6 2. c4 Nd7 3. Nf3 e5 4. g3 Ngf6 5. Bg2 Be7 6. O-O O-O 7. dxe5 dxe5 8. b3 c6 9. Bb2 Qc7 10. Nc3 b6 11. Qc2 Bb7 12. Rfd1 Rad8 13. Nh4 g6 14. Rd2 Nc5 15. Rad1 Rxd2 16. Rxd2 Rd8 17. e3 Rxd2 18. Qxd2 Qd8 19. Qxd8+ Bxd8 20. Nb5 cxb5 21. Bxb7 Nxb7 22. cxb5 Nd7 23. Nf3 Bc7 24. Nd2 f6 25. f4 Kf7 26. Kf2 Ke6 27. Ke2 Nd6 28. a4 Nc5 29.
fxe5 fxe5 30. Kf3 Nf5 31. g4 Ne7 32. e4 Nc8 33. Ba3 Nd6 34. Ke3 Bd8 35. Bxc5 bxc5 36. Kd3 Bg5 37. Nb1 h5 38. gxh5 gxh5 39. Nc3 Bf4 40. h3 h4 41. Nd5 Nf7 42. a5 Kd6 43. a6 Nd8 44. Kc4 Bg3 45. b6 axb6 46. Kb5 Nc6 47.
Kxb6 c4 48. bxc4 Bf2+ 49. Kb7 Na5+ 50. Kb8 Nxc4 51. a7 Bxa7+ 52. Kxa7 Nd2 53. Ne3 Kc5 54. Nf5 Nf3 55. Kb7 Kc4 56. Kc6 Kd3 57. Kd5 Ke2 58.
Nxh4 Nxh4 59. Kxe5 Kf3 60. Kd5 Kg3 61. e5 Ng6 62. e6 Nf4+ 63. Ke5 Nxe6 64. h4 Ng7 65. h5 Nxh5 1/2-1/2

[Event "*** Titled Tuesday Blitz"]
[Site "Chess.com"]
[Date "2021.03.30"]
[Round "9"]
[White "exoticprincess"]
[Black "frederiksvane"]
[Result "1-0"]
[WhiteElo "2859"]
[BlackElo "2708"]
[TimeControl "180+1"]
[EndTime "11:47:48 PDT"]
[Termination "exoticprincess won on time"]

1. e4 c5 2. d4 cxd4 3. c3 e5 4. cxd4 exd4 5. Nf3 Nc6 6. Nxd4 Nf6 7. Nc3 Bb4 8. Nxc6 dxc6 9. Qxd8+ Kxd8 10. f3 Be6 11. Bd2 Ke7 12. a3 Bc5 13. Rc1 Rhd8 14. e5 Nd7 15. Ne4 Bd4 16. Bb4+ c5 17. Nxc5 a5 18.
Nxe6+ Kxe6 19. Bc4+ Kxe5 20. Bc3 Bxc3+ 21. Rxc3 Kf6 22. Bb5 Rac8 23. Rxc8 Rxc8 24. Kd2 Nb6 25. Re1 Rc5 26. a4 Rh5 27. h3 Rh4 28. b3 Rb4 29.
Kc2 Nd5 30. Bc4 Nb6 31. Bd3 Nd7 32. g3 Ne5 33. Be4 b5 34. axb5 Rxb5 35. f4 Rc5+ 36. Kb2 Nc6 37. Rd1 Ke6 38. Ka3 Nb4 39. Ka4 f5 40.
Bb1 Nd5 41. Re1+ Kf6 42. Ka3 Nc3 43. Bd3 Nb5+ 44. Kb2 Nd4 45. g4 g5 46. gxf5 gxf4 47. Re4 Nxf5 48. Rxf4 h5 49. Ka3 Kg5 50. Re4 1-0

[Event "*** Titled Tuesday Blitz"]
[Site "Chess.com"]
[Date "2021.03.30"]
[Round "9"]
[White "ajdemipopushi"]
[Black "IljaJoke"]
[Result "1/2-1/2"]
[WhiteElo "2361"]
[BlackElo "2500"]
[TimeControl "180+1"]
[EndTime "11:47:49 PDT"]
[Termination "Game drawn by stalemate"]

1. Nf3 d5 2. g3 g6 3. c4 c6 4. b3 Bg7 5. d4 Nf6 6. Bb2 O-O 7.
Bg2 Ne4 8. O-O Bf5 9. Nbd2 Nd7 10. e3 Bg4 11. Qc2 Nxd2 12. Nxd2 Bf5 13. e4 dxe4 14. Nxe4 Nf6 15. Rad1 Nxe4 16. Bxe4 Bxe4 17. Qxe4 Qd7 18. Rd2 e6 19. Rfd1 Rfe8 20. Qc2 Rad8 21. h4 h5 22. Bc3 b6 23. a4 Qb7 24. b4 b5 25. axb5 cxb5 26. d5 Bxc3 27. Qxc3 bxc4 28. dxe6 Rxd2 29. exf7+ Qxf7 30. Qxd2 Kh7 31. Qd5 Qxd5 32. Rxd5 Re1+ 33. Kg2 Rb1 34. Rd7+ Kh6 35. Rxa7 Rxb4 36. Rc7 Ra4 37. Kf3 Ra3+ 38. Kf4 Rc3 39. f3 Rc1 40. g4 hxg4 41. fxg4 g5+ 42. hxg5+ Kg6 43. Rc6+ Kg7 44. g6 c3 45. Kg5 c2 46. Rc7+ Kg8 47.
g7 Kh7 48. g8=Q+ Kxg8 49. Kg6 Rf1 50. Rxc2 Rf8 51. Rc7 Ra8 52. g5 Ra6+ 53. Kh5 Rb6 54. Rd7 Ra6 55. Rd5 Rb6 56. g6 Rb1 57. Kg5 Rg1+ 58.
Kf6 Rf1+ 59. Rf5 Rxf5+ 60. Kxf5 Kg7 61. Kg5 Kg8 62. Kg4 Kg7 63. Kf5 Kg8 64. Kf6 Kf8 65. Kg5 Kg7 66. Kh5 Kg8 67. Kh6 Kh8 68. g7+ Kg8 69.
Kg6 1/2-1/2

[Event "*** Titled Tuesday Blitz"]
[Site "Chess.com"]
[Date "2021.03.30"]
[Round "9"]
[White "Fandorine"]
[Black "anon102030"]
[Result "1-0"]
[WhiteElo "2881"]
[BlackElo "2738"]
[TimeControl "180+1"]
[EndTime "11:47:50 PDT"]
[Termination "Fandorine won on time"]

1. Nf3 d6 2. d4 g6 3. g3 Bg7 4. Bg2 Nc6 5. O-O e5 6. c3 Nge7 7. dxe5 dxe5 8. Qxd8+ Nxd8 9. e4 Bd7 10. Be3 Ne6 11.
Nbd2 O-O-O 12. Nc4 f6 13. a4 a6 14. b4 Bc6 15. Nfd2 Rd3 16. Rfc1 Rhd8 17. Nb3 f5 18. b5 axb5 19. axb5 Bxb5 20. Nb2 R3d6 21. c4 Bc6 22. c5 Rd4 23. Ra8+ Kd7 24. Rxd8+ Kxd8 25. Bxd4 exd4 26. exf5 gxf5 27. Bxc6 Nxc6 28. Nd3 Kd7 29.
Kf1 Ne7 30. Na5 b6 31. cxb6 cxb6 32. Nc4 b5 33. Nb6+ Kd6 34. Nc8+ Nxc8 35. Rxc8 Bf6 36. Ke2 Nc7 37. Rb8 Kc6 38. Nb4+ Kc5 39. Rc8 Kb6 40. Kd3 Be7 41. Rb8+ Kc5 42. Nc2 Ne6 43. Rb7 Bd6 44. Rxh7 Kd5 45. f4 Nc5+ 46. Kd2 Ne4+ 47. Ke2 b4 48.
Ne1 b3 49. Rb7 Nc5 50. Rb6 Kc4 51. Rxd6 b2 52. Rb6 Nb3 53. Rc6+ Nc5 54. Rxc5+ Kb3 55. Rb5+ Kc4 56. Rxb2 1-0

[Event "*** Titled Tuesday Blitz"]
[Site "Chess.com"]
[Date "2021.03.30"]
[Round "9"]
[White "ural58"]
[Black "Olga_Zhuravleva"]
[Result "1-0"]
[WhiteElo "2493"]
[BlackElo "2327"]
[TimeControl "180+1"]
[EndTime "11:47:50 PDT"]
[Termination "ural58 won on time"]

1. e4 e5 2. f4 Bc5 3. Nf3 d6 4. c3 Nc6 5. Bb5 Nf6 6. d4 exd4 7. cxd4 Bb4+ 8. Nc3 O-O 9. Bxc6 bxc6 10. e5 Nd5 11. Bd2 Bg4 12. Nxd5 Bxd2+ 13. Qxd2 Bxf3 14. Nf6+ gxf6 15. gxf3 fxe5 16. Rg1+ Kh8 17. O-O-O Qf6 18. dxe5 dxe5 19. fxe5 Qxe5 20. Qd4 Qxd4 21. Rxd4 Rad8 22. Ra4 Rd3 23.
Rxa7 Rc8 24. Rg3 Rd6 25. Ra4 Rg6 26. Rc4 Rd6 27. a4 Ra8 28. b3 Rb8 29. Kc2 Rbd8 30. f4 Rd2+ 31. Kc3 Rxh2 32. Rxc6 Rh5 33. Rxc7 Rf5 34.
Rg4 h5 35. Rg5 Rxf4 36. Rxh5+ Kg7 37. Rh3 Kf6 38. a5 Ke6 39. a6 Ra8 40. Rh6+ Kd5 41. b4 Rf3+ 42. Kb2 f5 43. Rc5+ Kd4 44. Rd6+ Ke4 45. b5 Rf2+ 46. Kb3 f4 47. Kb4 Rb2+ 48. Ka5 f3 49. Re6+ Kf4 50. Rf6+ Ke3 51. Re5+ Kf2 52.
Ref5 Rb3 53. Rf7 Ke2 54. a7 Ra3+ 55. Kb6 1-0

[Event "*** Titled Tuesday Blitz"]
[Site "Chess.com"]
[Date "2021.03.30"]
[Round "9"]
[White "ChessWarrior7197"]
[Black "BogdanDeac"]
[Result "1-0"]
[WhiteElo "2913"]
[BlackElo "3005"]
[TimeControl "180+1"]
[EndTime "11:47:51 PDT"]
[Termination "ChessWarrior7197 won by resignation"]

1. e4 e5 2. Nf3 Nc6 3. Bc4 d6 4. d4 Nf6 5. dxe5 dxe5 6. Qxd8+ Nxd8 7. Nc3 Bb4 8. Bd2 Be6 9. Nxe5 Bxc3 10. Bxc3 Nxe4 11.
Bb4 Bxc4 12. Nxc4 Nc6 13. O-O-O Nxb4 14. Rhe1 f5 15. f3 O-O 16. fxe4 Nxa2+ 17. Kb1 Nb4 18.
c3 Nc6 19. Rd7 Rac8 20. e5 Nb8 21. Rd5 Rce8 22. e6 Re7 23. b4 a6 24. Na5 b6 25.
Nb3 Nc6 26. Nd4 Nxd4 27. cxd4 g6 28. Kc2 Rfe8 29. Rde5 Kg7 30. Kc3 Kf6 31. d5 Rd8 32. Kc4 Rd6 33. b5 axb5+ 34. Kxb5 h6 35. h4 Rd8 36. Kc6 Rd6+ 37. Kb5 g5 38. h5 f4 39. R1e2 Rd8 40. Kc6 Rd6+ 41. Kb5 Kg7 42.
Rf5 Rd8 43. Kc6 Rd6+ 44. Kb5 Rd8 45. Rc2 Rd6 46. Rc6 Rd8 47. Ka6 Rb8 48. Ka7 Rf8 49.
Rxf8 Kxf8 50. Kb7 g4 51. Rxc7 f3 52. d6 fxg2 53. dxe7+ Ke8 54. Rc1 Kxe7 55. Re1 g3 56.
Kxb6 1-0

[Event "*** Titled Tuesday Blitz"]
[Site "Chess.com"]
[Date "2021.03.30"]
[Round "9"]
[White "Pelopidass"]
[Black "Myshakov_Fedor"]
[Result "0-1"]
[WhiteElo "2564"]
[BlackElo "2428"]
[TimeControl "180+1"]
[EndTime "11:47:51 PDT"]
[Termination "Myshakov_Fedor won on time"]

1. e4 c6 2. Nf3 d5 3. Nc3 Bg4 4. h3 Bxf3 5. Qxf3 e6 6. Be2 Nd7 7. d3 Ngf6 8. O-O Bd6 9. Bd1 O-O 10. Qe2 Qc7 11. f4 dxe4 12. dxe4 Bb4 13. Rf3 Rad8 14. e5 Bxc3 15. Rxc3 Nd5 16. Rg3 Ne7 17. c3 Nf5 18. Rg5 g6 19. Bc2 Rfe8 20. Bxf5 exf5 21. Be3 Kg7 22. h4 f6 23. Rg3 fxe5 24. fxe5 Nxe5 25. h5 Ng4 26. h6+ Kg8 27. Qc4+ Qf7 28. Qxf7+ Kxf7 29. Bxa7 Ra8 30. Bd4 Rxa2 31. Rf1 Kg8 32.
Bg7 Rxb2 33. Rd3 Ree2 34. Rg3 Rbd2 35. Rxg4 Kf7 36. Rg3 b5 37. Ra1 Ke6 38. Ra8 Ke7 39.
Ra7+ Ke6 40. Ra8 Kf7 41. Bd4 f4 42. Rg4 f3 43. Rf4+ Ke7 44. Ra7+ Ke6 45. Rxf3 Rxg2+ 46. Kf1 Rh2 47. Rf6+ Kd5 48. Rd7+ Ke4 49. Re6+ Kf3 50. Rf7+ Kg4 51. Re4+ Kh5 52. Re5+ g5 53. Ke1 Ra2 0-1

[Event "*** Titled Tuesday Blitz"]
[Site "Chess.com"]
[Date "2021.03.30"]
[Round "9"]
[White "lacafi"]
[Black "Manukyan_Artak"]
[Result "1-0"]
[WhiteElo "2252"]
[BlackElo "2454"]
[TimeControl "180+1"]
[EndTime "11:47:51 PDT"]
[Termination "lacafi won on time"]

1. d4 Nf6 2. Nf3 g6 3. c4 Bg7 4. Nc3 d6 5. e4 O-O 6. Be2 e5 7. dxe5 dxe5 8. O-O Qe7 9. Qc2 c6 10. Rb1 a5 11. a3 Na6 12. Rd1 Bg4 13. Be3 Rfd8 14.
Na4 Nd7 15. h3 Bxf3 16. Bxf3 Ndc5 17. b4 axb4 18. axb4 Ne6 19. b5 Nb4 20. Qb3 Rxd1+ 21. Bxd1 c5 22. Nxc5 Nxc5 23. Qxb4 b6 24. Bxc5 Qxc5 25. Qxc5 bxc5 26. b6 Rb8 27. Ba4 Kf8 28. Bc6 Ke7 29. b7 Kd6 30. Bd5 f6 31. Rb6+ Kc7 32.
Rc6+ Kd7 33. Rxc5 Bf8 34. Rb5 Kc7 35. Kf1 f5 36. f3 fxe4 37. fxe4 Bh6 38. Ke2 Bg5 39.
c5 h5 40. Kd3 h4 41. Bf7 Kc6 42. Kc4 Bd8 43. Bxg6 Rxb7 44. Rxb7 Kxb7 45. Kd5 Bc7 46.
c6+ Kb6 47. Be8 Ka5 48. Ke6 Kb6 49. Kf5 Kc5 50. Kg4 Bd8 51. g3 hxg3 52. Kxg3 Kd6 53. Kg4 Ke6 54. Kh5 Kf6 55. Kh6 1-0

[Event "*** Titled Tuesday Blitz"]
[Site "Chess.com"]
[Date "2021.03.30"]
[Round "9"]
[White "kuli4ik"]
[Black "Leonid_Starozhilov"]
[Result "1-0"]
[WhiteElo "2870"]
[BlackElo "2726"]
[TimeControl "180+1"]
[EndTime "11:47:53 PDT"]
[Termination "kuli4ik won by resignation"]

1. Nf3 Nf6 2. g3 g6 3. b3 Bg7 4. Bb2 O-O 5. Bg2 d5 6. c4 c6 7. O-O Bf5 8. d3 Nbd7 9. Qc2 Bg4 10. Nbd2 Bxf3 11. Nxf3 e6 12. a3 Qc7 13. Rfc1 Rfc8 14.
b4 a6 15. Qb3 Ne8 16. Bxg7 Nxg7 17. Rc2 dxc4 18. Rxc4 Ne5 19. Nxe5 Qxe5 20. Re1 Nf5 21. e3 Qd6 22. d4 e5 23. Bh3 Re8 24. Bxf5 gxf5 25. dxe5 Rxe5 26. Rd1 Qe6 27. Qc2 Re4 28. Rdd4 Re8 29. Rxe4 fxe4 30. Rd4 Re7 31. Qc5 Qf6 32. Qh5 Kg7 33. Kg2 Qg6 34. Qd1 Qf5 35. h3 h5 36.
Rd6 Re8 37. Rd7 Re6 38. Rxb7 Rf6 39. Qe2 a5 40. b5 cxb5 41. Rxb5 Qf3+ 42. Qxf3 exf3+ 43.
Kh2 Rc6 44. Rxh5 Rc2 45. g4 Rxf2+ 46. Kg3 Rf1 47. Rxa5 Kg6 48. Rf5 Ra1 49. Rxf3 Rxa3 50. Kf4 Ra4+ 51. e4 f6 52. Re3 Rb4 53. Rd3 Ra4 54.
h4 Ra1 55. Rd6 Rf1+ 56. Kg3 Rg1+ 57. Kf3 Rf1+ 58. Kg2 Rf4 59. Kg3 Rxe4 60. g5 Re3+ 61. Kf4 Rh3 62. Kg4 Rh1 63. Rxf6+ Kg7 64. Rb6 Rg1+ 65. Kh5 Re1 66. Rb7+ Kg8 67. Kh6 Re6+ 68. g6 Re8 69. h5 Rd8 70. Rb5 Kh8 71. Kg5 Rc8 72.
h6 Rd8 73. Re5 Rf8 74. g7+ 1-0

[Event "*** Titled Tuesday Blitz"]
[Site "Chess.com"]
[Date "2021.03.30"]
[Round "9"]
[White "bocah_sakit"]
[Black "Trankuilizer"]
[Result "0-1"]
[WhiteElo "2822"]
[BlackElo "2610"]
[TimeControl "180+1"]
[EndTime "11:47:55 PDT"]
[Termination "Trankuilizer won by resignation"]

1. e4 e5 2. Nf3 Nc6 3. Bb5 a6 4. Ba4 Nf6 5. O-O Be7 6. Re1 b5 7. Bb3 d6 8. c3 O-O 9. h3 Nb8 10. d4 Nbd7 11. Nbd2 Bb7 12. Bc2 Re8 13.
Nf1 Bf8 14. Ng3 g6 15. a4 Bg7 16. d5 Nb6 17. a5 Nc8 18. b3 c5 19. c4 b4 20. Nh2 Nd7 21. Ra2 Kh8 22. Kh1 Ne7 23. f4 exf4 24. Bxf4 Ne5 25. Nf3 Ng8 26. Rf1 Qe7 27.
Bb1 Rf8 28. Raf2 Nxf3 29. Qxf3 Rae8 30. Ne2 Be5 31. Nc1 Bc8 32. Nd3 Bd4 33. Re2 f6 34. Qg3 Rd8 35. Rfe1 Kg7 36. Nc1 Nh6 37. Ra2 Nf7 38. Ne2 Be5 39. Qe3 Rde8 40. Ng1 f5 41. exf5 Bxf5 42. Bxf5 gxf5 43. Nf3 Qf6 44. Rae2 Bc3 45.
Qxe8 Rxe8 46. Rxe8 Bxe1 47. Rxe1 Qc3 48. Re7 Kf8 49. Ra7 Qxb3 50. Rxa6 Qxc4 51. Ra8+ Kg7 52. Ng5 Nxg5 53. Bxg5 Qxd5 54. Ra7+ Kg6 55. h4 h6 56. Bf4 Qd4 57. g3 b3 58. Kh2 b2 59. Rb7 Qb4 60. Rxb4 cxb4 61. a6 b1=Q 0-1

[Event "*** Titled Tuesday Blitz"]
[Site "Chess.com"]
[Date "2021.03.30"]
[Round "9"]
[White "woodhy"]
[Black "Andrii_Prydun"]
[Result "1-0"]
[WhiteElo "2440"]
[BlackElo "2267"]
[TimeControl "180+1"]
[EndTime "11:47:57 PDT"]
[Termination "woodhy won by checkmate"]

1. e4 d5 2. exd5 Qxd5 3. Nc3 Qd6 4. d4 Nf6 5. Nf3 c6 6. a3 Bg4 7. Be2 Nbd7 8. b4 e6 9. O-O Be7 10. h3 Bh5 11. Bg5 O-O 12. Bh4 Nd5 13. Ne4 Qf4 14. Bxe7 Nxe7 15. Ng3 Bg6 16. Bd3 Rad8 17. Re1 Nf6 18.
Bxg6 Nxg6 19. Qe2 h5 20. Rad1 h4 21. Ne4 Nd5 22. c4 Rfe8 23. Nc5 Nc3 24. Qc2 Nxd1 25. Rxd1 b6 26. Ne4 Qf5 27. Rc1 Nf4 28. Nxh4 Qh5 29. Nf3 Nxh3+ 30. Kf1 Nf4 31. Ng3 Qg4 32. Qe4 f5 33.
Qxc6 Nd3 34. Rd1 Ne5 35. Qb7 Nxf3 36. Qxf3 Qxf3 37. gxf3 e5 38. Nxf5 g6 39. Nh4 exd4 40. Nxg6 d3 41. Nf4 d2 42. Nd5 Rf8 43. Rxd2 Kg7 44. Rd3 Rf5 45. Ke2 b5 46. Ne3 Re8 47.
cxb5 Rxb5 48. Rd7+ Kf6 49. Rxa7 Rc8 50. Ra6+ Ke5 51.
Ng4+ Kd4 52. Rd6+ Kc3 53. Rd3+ Kb2 54. Ne3 Rf8 55. Nc4+ Ka2 56. Nd6 Re5+ 57. Ne4 Rb8 58. Ke3 Kb2 59. f4 Rf5 60. f3 Kc2 61. Nf2 Re8+ 62. Ne4 Ra8 63. Rd2+ Kb3 64. Rd3+ Kc4 65. Nd6# 1-0

[Event "*** Titled Tuesday Blitz"]
[Site "Chess.com"]
[Date "2021.03.30"]
[Round "9"]
[White "anasta10"]
[Black "Vuk2000"]
[Result "1-0"]
[WhiteElo "2512"]
[BlackElo "2710"]
[TimeControl "180+1"]
[EndTime "11:47:58 PDT"]
[Termination "anasta10 won by resignation"]

1. d4 Nf6 2. c4 c5 3. d5 b5 4. cxb5 a6 5. bxa6 Bxa6 6. Nc3 g6 7. Nf3 Bg7 8. e4 Bxf1 9. Kxf1 d6 10. g3 O-O 11. Kg2 Nbd7 12. Qe2 Qa5 13. a4 Rfb8 14. Ra3 Rb4 15. Re1 Ng4 16. Bg5 Qb6 17. a5 Qb8 18. Ra2 Kf8 19. Bf4 Rxb2 20. Rxb2 Qd8 21. Rc1 Qxa5 22. Ra2 Qd8 23. Rxa8 Qxa8 24. Qa2 Qd8 25. h3 Ngf6 26. Rb1 h6 27. Ra1 Nb6 28.
Bd2 Kg8 29. Qa7 Nfd7 30. Rb1 Kh7 31. Qb7 Nc4 32. Be1 Na3 33. Rb3 Nc4 34. Qb5 Ncb6 35.
Na4 c4 36. Ra3 Nxa4 37. Rxa4 c3 38. Rc4 Nb6 39. Rxc3 Bxc3 40. Bxc3 Nd7 41. Qc4 Nc5 42. Qd4 Qf8 43. e5 Nd7 44. exd6 exd6 45. Qf4 Nc5 46.
Bd4 Nd7 47. Nd2 f6 48. Ne4 Kg7 49. Qxd6 Qf7 50. Qe6 Nf8 51. Qxf7+ Kxf7 52. Nxf6 Nd7 53. Nxd7 1-0